 Dungeon Crawl Stone Soup version 0.28.0 (webtiles) character file.

Game seed: 14582999820022771633

827 xSliceyx the Thaumaturge (level 7, 0/36 HPs)
             Began as a Deep Elf Conjurer on Feb 4, 2022.
             Was a Follower of Vehumet.
             Slain by a kobold brigand (6 damage)
             ... in a sewer on Feb 5, 2022.
             The game lasted 00:19:11 (3634 turns).

xSliceyx the Thaumaturge (Deep Elf Conjurer)        Turns: 3634, Time: 00:19:14

Health: 0/36       AC:  1    Str:  9    XL:     7   Next: 64%
Magic:  28/31      EV: 12    Int: 25    God:    Vehumet [*.....]
Gold:   201        SH:  0    Dex:  8    Spells: 12/25 levels left

rFire   . . .      SeeInvis .   l - +8 hand axe "Tedgh" {freeze, Str+5 Dex-5}
rCold   . . .      Faith    .   (no shield)
rNeg    . . .      Spirit   .   a - +0 robe
rPois   .          Reflect  .   (no helmet)
rElec   .          Harm     .   (no cloak)
rCorr   .          Rampage  .   (no gloves)
Will    .....      Archmagi +   (no boots)
Stlth   ++........              (no amulet)
HPRegen 0.12/turn               i - ring of the Mage {Wiz Archmagi}
MPRegen 0.22/turn               c - ring of magical power

@: lethally poisoned (0 -> -20), slowed, very slow
A: deformed body
a: Renounce Religion


You were in a sewer.
You worshipped Vehumet.
Vehumet was aware of your devotion.
You visited 2 branches of the dungeon, and saw 5 of its levels.
You also visited: Sewer.

You collected 201 gold pieces.

Inventory:

Hand Weapons
 b - a +0 short sword
 e - a +1 short sword of draining
 j - the +5 hunting sling "Lacertilianslayer" {flame, Stlth+}
   (You found it on level 4 of the Dungeon)

   Any ammunition fired from it burns those it strikes, dealing additional fire
   damage.
   Stlth:     It makes you more stealthy.
 l - the +8 hand axe "Tedgh" (weapon) {freeze, Str+5 Dex-5}
   (You found it on level 2 of the Dungeon)

   It freezes those it strikes, dealing additional cold damage.
   It can also slow down cold-blooded creatures.
   Str:       It affects your strength (+5).
   Dex:       It affects your dexterity (-5).
Missiles
 m - 43 stones
Armour
 a - a +0 robe (worn)
 f - a +0 buckler
Jewellery
 c - a ring of magical power (right hand)
 g - a ring of positive energy
 h - a ring of poison resistance
 i - the ring of the Mage (left hand) {Wiz Archmagi}
   (You found it on level 2 of the Dungeon)

   [ring of wizardry]

   It improves your spell success rate.
   Archmagi:  It increases the power of your magical spells.
Scrolls
 p - a scroll of identify
 t - a scroll of immolation {unknown}
Potions
 d - 2 potions of haste
 k - a potion of degeneration {unknown}
 n - a potion of heal wounds {unknown}
 o - a potion of might {unknown}
 q - a potion of brilliance {unknown}
 r - a potion of mutation
 s - a potion of magic {unknown}


   Skills:
 - Level 2.4 Dodging
 - Level 2.4 Stealth
 - Level 4.0 Shields
 - Level 9.5 Spellcasting
 + Level 4.6 Conjurations


You had 12 spell levels left.
You knew the following spells:

 Your Spells              Type           Power      Damage    Failure   Level
a - Magic Dart            Conj           100%       1d8       1%          1
b - Searing Ray           Conj           100%       2d8       1%          2
c - Dazzling Flash        Conj/Hex       70%        N/A       2%          3
d - Ozocubu's Armour      Ice            17%        N/A       6%          3
e - Fulminant Prism       Conj/Hex       17%        3d11      9%          4

Your spell library contained the following spells:

 Spells                   Type           Power      Damage    Failure   Level
 Freeze                   Ice            68%        1d8       2%          1
 Beastly Appendage        Tmut           34%        N/A       2%          1
 Wereblood                Tmut           17%        N/A       3%          2
 Spider Form              Tmut/Pois      17%        N/A       6%          3
 Iskenderun's Mystic Bla  Conj/Tloc      35%        2d8       9%          4
 Ozocubu's Refrigeration  Ice            8%         4d6       100%        7


Dungeon Overview and Level Annotations

Branches:
Dungeon (4/15)             Temple (1/1) D:4           Sewer (1/1)

Altars:
Ru
Vehumet

Shops:
D:2 =   D:3 (


Innate Abilities, Weirdness & Mutations

Armour fits poorly on your strangely shaped body.


Message History

You feel a surge of power!
The searing ray hits the kobold brigand!
The kobold brigand is heavily wounded.
The searing ray hits the kobold brigand!
The kobold brigand is moderately wounded. (Press . to maintain the ray.)
You feel sick.
The searing ray misses the kobold brigand.
The searing ray hits the kobold.
You kill the kobold!
Vehumet accepts your kill.
The searing ray hits the kobold brigand!
The kobold brigand is heavily wounded.
You feel sick.
The kobold brigand hits you with a +0 short sword.
The searing ray hits the kobold brigand.
The kobold brigand is severely wounded.
The searing ray hits the kobold brigand!
The kobold brigand is almost dead.
You feel sick.
The kobold brigand throws a poisoned dart.
The poisoned dart hits you!
You are more poisoned.
You feel very sick.
The kobold brigand throws a curare-tipped dart.
The curare-tipped dart hits you.
You are more poisoned.
You have difficulty breathing.
You feel yourself slow down.
The kobold brigand throws a poisoned dart.
The poisoned dart hits you!
You are lethally poisoned!
The kobold brigand hits you with a +0 short sword.
It was a potion of mutation.
You feel extremely strange.
Your body twists and deforms.
* * * LOW HITPOINT WARNING * * *
You feel extremely sick.
The kobold brigand throws a curare-tipped dart.
The curare-tipped dart closely misses you.
The kobold brigand hits you with a +0 short sword.
You die...

#.....#≈≈≈#≈≈....##
##..†..#≈≈≈#≈.....##
#......#≈≈≈≈P......##
#......#≈≈≈≈≈≈......#
#......#≈≈≈≈≈≈......#
#......#≈≈≈#≈≈P....##
#....≈≈#≈≈≈#≈≈P....#
##...≈≈#≈≈≈#P......#
##...P≈≈≈≈≈#...@...#
#....≈†≈≈≈≈#....K..#
###...P#≈≈≈#...K...#
#.)..#≈≈≈#..)..###
##''##≈≈≈##'K###
#.)..#≈≈≈#!!K)#
#....#≈≈≈#....#
#..∩.#≈≈≈#.∩..#
#....#≈≈≈#!...#


You could see 3 kobold brigands and a kobold.

Vanquished Creatures
  Pikel (D:4)
  A black bear (D:3)
  A necrophage (D:4)
  Jessica (D:3)
  2 hound skeletons (D:4)
  2 adders (D:4)
  2 river rats (D:4)
  6 worms
  A dart slug (D:1)
  An orc (D:4)
  12 ball pythons
  7 bats
  7 endoplasms
  4 giant cockroaches
  15 goblins
  5 hobgoblins
  2 jackals (D:1)
  3 quokkas
  3 frilled lizards
  10 kobolds
  10 rats
96 creatures vanquished.

Vanquished Creatures (others)
  A fulminant prism (D:4)
1 creature vanquished.

Grand Total: 97 creatures vanquished

Notes
Turn   | Place    | Note
-------+----------+-------------------------------------------
     0 | D:1      | xSliceyx the Deep Elf Conjurer began the quest for the Orb.
     0 | D:1      | Reached XP level 1. HP: 10/10 MP: 6/6
   230 | D:1      | Reached skill level 4 in Spellcasting
   230 | D:1      | Reached XP level 2. HP: 15/15 MP: 6/9
   444 | D:1      | Learned a level 2 spell: Searing Ray
   665 | D:1      | Reached XP level 3. HP: 19/19 MP: 11/11
   694 | D:1      | Reached skill level 5 in Spellcasting
  1069 | D:2      | Found the ring of the Mage {Wiz Archmagi}
  1086 | D:2      | Learned a level 3 spell: Dazzling Flash
  1264 | D:2      | Identified the +8 hand axe "Tedgh" {freeze, Str+5 Dex-5}
  1414 | D:2      | Found Buak's One-of-a-Kind Rings.
  1903 | D:3      | Noticed Jessica
  1905 | D:3      | Killed Jessica
  1906 | D:3      | Reached skill level 1 in Shields
  1906 | D:3      | Reached XP level 4. HP: 24/24 MP: 13/13
  1929 | D:3      | Learned a level 3 spell: Ozocubu's Armour
  1934 | D:3      | Learned a level 4 spell: Fulminant Prism
  2152 | D:3      | Noticed a black bear
  2160 | D:3      | Killed a black bear
  2161 | D:3      | Reached skill level 6 in Spellcasting
  2161 | D:3      | Reached XP level 5. HP: 28/28 MP: 16/16
  2351 | D:3      | Found Gontitel's Weapon Emporium.
  2753 | D:4      | Identified the +5 hunting sling "Lacertilianslayer" {flame,
                  | Stlth+}
  2784 | D:4      | Found a staircase to the Ecumenical Temple.
  2801 | Temple   | Entered the Ecumenical Temple
  2808 | Temple   | Became a worshipper of Vehumet
  2950 | D:4      | Noticed a necrophage
  2956 | D:4      | Killed a necrophage
  2957 | D:4      | Reached skill level 7 in Spellcasting
  2957 | D:4      | Reached XP level 6. HP: 32/32 MP: 18/18
  3180 | D:4      | Noticed Pikel
  3191 | D:4      | Killed Pikel
  3192 | D:4      | Reached skill level 9 in Spellcasting
  3192 | D:4      | Reached XP level 7. HP: 25/36 MP: 8/22
  3212 | D:4      | Found a glowing drain.
  3220 | Sewer    | Entered a sewer
  3595 | Sewer    | Reached * piety under Vehumet
  3595 | Sewer    | Offered knowledge of Freeze by Vehumet.
  3634 | Sewer    | Gained mutation: Armour fits poorly on your strangely
                  | shaped body. [potion of mutation]
  3634 | Sewer    | Slain by a kobold brigand

Illustrated notes

Levels and vault maps discovered:
D:1:      beargit_arrival_diablo_church, layout_rooms, hangedman_feature_mirror,
          glass_columns_a, grunt_decor_clamped
D:2:      layout_loops_ring, nicolae_shop_unique_rings
D:3:      layout_loops_ring, serial_shops, shop, uniq_jessica
D:4:      layout_loops_cross, minmay_temple_entry_glass, portal_sewer_entry_e,
          uniq_pikel
Temple:   regret_index_temple_sigil_plot
Sewer:    kennysheep_pipe_town

Skill      XL: |  1  2  3  4  5  6 |
---------------+-------------------+-----
Spellcasting   | 4 5 6 7 9 |  9.5
Shields        | 1 2 3 4 |  4.0
Dodging        | |  2.4
Stealth        | |  2.4
Conjurations   | |  4.6

Action                   |  1- 3 |  4- 6 |  7- 9 || total
-------------------------+-------+-------+-------++-------
Melee: Short sword       |     3 |       |       ||     3
 Cast: Magic Dart        |    77 |    35 |     8 ||   120
       Searing Ray       |     8 |    10 |    13 ||    31
       Ozocubu's Armour  |       |     1 |       ||     1
       Fulminant Prism   |       |     1 |       ||     1
       Dazzling Flash    |       |     1 |       ||     1
  Use: Scroll            |       |     5 |       ||     5
       Potion            |       |       |     1 ||     1
Armor: Robe              |     2 |     3 |     1 ||     6
Dodge: Dodged            |     5 |     4 |     9 ||    18
